 Dungeon Crawl Stone Soup version 0.21.1-1-g345015f (webtiles) character file.

56 inc the Scratcher (level 3, 15/15 HPs)
             Began as a Felid Transmuter on Mar 6, 2018.
             Quit the game on level 3 of the Dungeon.
             The game lasted 00:03:22 (3123 turns).

inc the Scratcher (Felid Transmuter)                Turns: 3123, Time: 00:03:23

Health: 15/15      AC:  1    Str:  6    XL:     3   Next: 69%
Magic:  7/7        EV: 23    Int: 15    God:
Gold:   96         SH:  0    Dex: 21    Spells: 5/6 levels left
                                        Lives:  0   Deaths: 1

rFire    . . .     SeeInvis +     - Unarmed
rCold    . . .     Gourm    .   (shield unavailable)
rNeg     . . .     Faith    +   (armour unavailable)
rPois    .         Spirit   .   (helmet unavailable)
rElec    .         Reflect  .   (cloak unavailable)
rCorr    .         Harm     .   (gloves unavailable)
MR       .....     Rnd*Tele +   (boots unavailable)
Stlth    +++.......             o - amulet of faith (curse)
HPRegen  0.05/turn              n - ring of wizardry
MPRegen  0.10/turn              j - ring of teleportation (curse)

@: agile, quick
A: very small, no armour, no weapons or thrown items, stealth, claws 1, fangs 3,
see invisible, carnivore, speed 1, shaggy fur 1, slow metabolism 1, sharp paws
a: no special abilities


You were on level 3 of the Dungeon.
You were not hungry.

You visited 1 branch of the dungeon, and saw 3 of its levels.

You collected 96 gold pieces.

Inventory:

Missiles
 a - 76 arrows
Jewellery
 j - a cursed ring of teleportation (right paw)
 n - a ring of wizardry (left paw)
 o - a cursed amulet of faith (around neck)
Wands
 g - a wand of acid (5)
Scrolls
 l - 3 scrolls of fog
Potions
 e - a potion of flight
 f - a potion of curing
 h - a potion of resistance
 i - 2 potions of ambrosia
Books
 b - a book of Changes

   Spells                             Type                      Level
   a - Beastly Appendage              Transmutation                1
   b - Sticks to Snakes               Transmutation                2
   c - Spider Form                    Transmutation/Poison         3
   d - Ice Form                       Ice/Transmutation            4
   e - Blade Hands                    Transmutation                5
Comestibles
 c - 6 rations


   Skills:
 - Level 1.0 Fighting
 - Level 2.6 Dodging
 + Level 5.5 Unarmed Combat
 - Level 2.0 Spellcasting
 - Level 2.1 Transmutations


You had 5 spell levels left.
You knew the following spells:

 Your Spells              Type           Power        Failure   Level  Hunger
a - Beastly Appendage     Tmut           #.....       3%          1    #......


Dungeon Overview and Level Annotations

Branches:
Dungeon (3/15)

Altars:
Hepliaklqana
Xom


Innate Abilities, Weirdness & Mutations

You cannot wear armour.
You are incapable of wielding weapons or throwing items.
Your paws allow you to move quietly. (Stealth)
You have sharp claws.
You have razor-sharp teeth.
You have supernaturally acute eyesight. (SInv)
You are carnivorous and can eat meat at any time.
You cover ground quickly.
You are covered in fur. (AC +1)
You have a slow metabolism.
Your sharp claws are effective at attacking unaware monsters.


Message History

The hippogriff is lightly wounded.
You claw the hippogriff!
The hippogriff is moderately wounded.
The hippogriff bites you!
Ouch! That really hurt!
The hippogriff closely misses you. The hippogriff claws you!
* * * LOW HITPOINT WARNING * * *
You scratch the hippogriff.
The hippogriff is moderately wounded.
The hippogriff bites you.
You die...
The hippogriff pecks you. The hippogriff barely misses you.
You are now level 3!
You rejoin the land of the living...
Put on which piece of jewellery? (? for menu, Esc to quit)
Okay, then.
It was a potion of agility.
You feel agile all of a sudden.
Okay, then.
Are you sure you want to abandon this character and quit the game? (Confirm with "yes".)

#....## ##<......##
#....# ##.....##
#.#### ##...## #.#
##########+## #.#
#.......##.# #.#
#.#####.##.###### #.#
#.# #.##.#.....
#.###.#####.#....####
#...@....##......#
#####.##.##.#....#
#...,...##.#.#
####.#####.#.#
#,..,,....#
***####.### #.# #.#
#######.#


There were no monsters in sight!

Vanquished Creatures
  6 adders (D:2)
  2 oozes
  A worm (D:2)
  2 dart slugs (D:1)
  A leopard gecko (D:2)
  A giant cockroach (D:1)
  8 goblins
  7 hobgoblins
  2 jackals (D:2)
  9 bats
  2 frilled lizards (D:1)
  3 kobolds
  4 rats
48 creatures vanquished.

Notes
Turn   | Place    | Note
-------+----------+-------------------------------------------
     0 | D:1      | inc the Felid Transmuter began the quest for the Orb.
     0 | D:1      | Reached XP level 1. HP: 9/9 MP: 4/4
   542 | D:1      | Reached XP level 2. HP: 12/12 MP: 6/6
   972 | D:1      | Reached skill level 4 in Unarmed Combat
  1115 | D:2      | Reached XP level 3. HP: 15/15 MP: 5/7
  1239 | D:2      | Found a hazy altar of Hepliaklqana.
  1835 | D:2      | Found a shimmering altar of Xom.
  2177 | D:2      | Reached XP level 4. HP: 19/19 MP: 8/8
  2186 | D:2      | Reached skill level 5 in Unarmed Combat
  3112 | D:3      | Noticed a hippogriff
  3121 | D:3      | Slain by a hippogriff
  3122 | D:3      | Reached XP level 3. HP: 0/15 MP: 7/7
  3123 | D:3      | Quit the game

Skill      XL: |  1  2  3  4 |
---------------+-------------+-----
Unarmed Combat | 4 5 |  5.5
Fighting       | |  1.0
Dodging        | |  2.6
Spellcasting   | |  2.0
Transmutations | |  2.1

Action                   |  1- 3 |  4- 6 || total
-------------------------+-------+-------++-------
Melee: Unarmed           |   130 |    49 ||   179
       Bite              |     4 |     1 ||     5
       Headbutt          |     3 |       ||     3
       Punch             |     1 |     1 ||     2
 Cast: Beastly Appendage |     3 |     1 ||     4
  Use: Potion            |     4 |       ||     4
       Scroll            |       |     5 ||     5
 Stab: Sleeping          |     4 |     1 ||     5
       Distracted        |     1 |       ||     1
  Eat: Chunk             |     6 |     3 ||     9
Armor: Skin              |    26 |     3 ||    29
Dodge: Dodged            |   122 |    35 ||   157
